Map: Moonlight Madness LE (Void)

Players

Lanx - Winner!

  • Race: Zerg Zerg
  • League: Bronze

SticklerMac

  • Race: Terran Terran
  • League: Bronze

VOD

Have the link to the VOD?

Description

Time

  • Played on: July 26, 2015, 6:43 p.m.
  • Length: 11:51
Show
View Real Time Build Order
Export as new Build Order

Lanx Zerg - Winner!

Build Orders: Hatch First 

Get SALT Encoding   

  12  0:05  Drone  
  13  0:12  Drone  
  14  0:17  Overlord  
  14  0:46  Hatchery  
  14  0:48  Drone  
  14  0:50  Drone  
  14  0:54  Drone  
  16  1:04  Drone  
  17  1:13  Spawning Pool  
  17  1:16  Extractor  
  15  1:19  Extractor  
  15  1:20  Drone  
  15  1:24  Drone  
  16  1:32  Drone  
  17  1:42  Drone  
  18  1:58  Overlord  
  18  1:59  Drone  
  19  2:09  Roach Warren  
  19  2:14  Overlord  
  19  2:15  Drone  
  21  2:24  Lair  
  21  2:29  Queen  
  21  2:33  Drone  
  22  2:37  Drone  
  22  2:42  Drone  
  24  2:51  Roach  
  24  2:53  Roach  
  28  3:00  Drone x2  
  32  3:05  Roach  
  32  3:10  Roach  
  34  3:21  Glial Reconstitution  
  34  3:24  Roach  
  34  3:25  Roach  
  38  3:31  Overlord  
  38  3:38  Roach  
  38  3:40  Roach  
  42  3:45  Roach  
  44  3:51  Drone x2  
  44  3:53  Drone  
  47  3:59  Overlord  
  47  4:11  Roach x2  
  47  4:13  Overlord  
  51  4:24  Overlord  
  51  4:26  Roach x2  
  51  4:29  Roach  
  57  4:39  Roach  
  57  4:40  Roach  
  61  4:46  Roach  
  61  4:47  Roach  
  61  5:09  Burrow  
  39  5:29  Roach x9  
  39  5:32  Tunneling Claws  
  57  5:41  Drone x2  
  59  5:47  Extractor  
  59  5:49  Extractor  
  57  5:59  Ravager  
  57  6:00  Ravager  
  59  6:05  Drone x4  
  59  6:08  Drone, Roach x12  
  64  6:18  Drone x5  
  69  6:29  Overseer  
  49  7:06  Zergling x4  
  49  7:07  Zergling x14  
  53  7:17  Metabolic Boost  
  53  7:28  Hatchery, Drone x2, Hydralisk Den  
  53  7:29  Queen  
  55  7:37  Overlord  
  55  7:39  Roach x3  
  61  8:01  Lurker Den  
  61  8:22  Baneling Nest, Roach  
  61  8:23  Roach x8  
  78  8:40  Drone x2  
  80  8:53  Roach x4  
  88  9:01  Roach  
  88  9:02  Hatchery  
  89  9:04  Overlord  
  89  9:05  Overlord x2  
  89  9:12  Baneling x13  
  89  9:13  Baneling x5  
  89  9:14  Centrifical Hooks  
  89  9:29  Roach  
  89  9:30  Roach x7  
  89  9:31  Roach  
  107  9:55  Overseer  
  107  9:56  Pneumatized Carapace  
  107  10:16  Roach x27  
  83  10:47  Roach x2  
  83  10:48  Roach x28  
  101  11:08  Roach x19  
  101  11:13  Roach  
  101  11:14  Overlord x5  
Show
View Real Time Build Order
Export as new Build Order

SticklerMac Terran 

Build Orders: Siege Tank Drop 

Get SALT Encoding   

  12  0:00  SCV  
  13  0:12  SCV  
  14  0:17  Supply Depot  
  14  0:24  SCV  
  15  0:29  Refinery  
  15  0:39  SCV  
  16  0:46  Barracks  
  16  0:56  SCV  
  17  1:08  SCV  
  18  1:22  SCV  
  19  1:39  Factory  
  19  1:41  SCV  
  20  1:49  Command Center  
  20  1:53  SCV  
  21  1:58  Supply Depot  
  21  2:07  Barracks Tech Lab  
  21  2:19  SCV  
  22  2:25  Supply Depot  
  22  2:31  SCV  
  22  2:36  Barracks Reactor  
  23  2:37  Barracks  
  23  2:43  SCV  
  24  2:48  Starport  
  25  2:58  Refinery  
  25  3:06  Orbital Command  
  25  3:10  Orbital Command  
  24  3:27  Barracks Reactor  
  24  3:28  Starport Reactor  
  24  3:31  SCV  
  25  3:35  Marine  
  25  3:37  Marine  
  25  3:40  Siege Tank  
  30  3:46  SCV x2  
  32  4:00  Supply Depot  
  32  4:02  Supply Depot  
  32  4:03  Supply Depot  
  32  4:07  Supply Depot  
  32  4:16  Siege Tank  
  35  4:24  Marine x2  
  36  4:30  Barracks x2  
  36  4:31  Medivac  
  39  4:36  Marine x2  
  41  4:39  SCV x2  
  41  4:43  Marine x2  
  43  4:53  Marine  
  43  4:54  Marine  
  44  5:07  Siege Tank  
  39  5:33  Orbital Command  
  39  5:37  Marine x2  
  39  5:42  Barracks Reactor  
  41  5:43  Barracks Reactor  
  41  5:48  Medivac  
  41  5:49  Medivac  
  45  5:51  Marine  
  45  5:52  Marine  
  47  5:59  Marine  
  48  6:07  Siege Tank  
  51  6:15  Marine x3  
  54  6:19  Marine x5  
  54  6:23  Medivac  
  61  6:27  SCV  
  62  6:50  SCV, Widow Mine  
  62  6:51  SCV, Marine  
  62  6:52  Marine x2  
  62  6:53  Marine x3  
  62  6:54  Marine  
  62  6:56  Marine  
  57  7:02  SCV  
  57  7:03  SCV  
  59  7:09  Marine x2  
  59  7:10  Marine  
  59  7:13  Marine  
  62  7:40  Supply Depot  
  62  7:42  Supply Depot x2  
  62  7:43  Supply Depot  
  62  8:02  SCV, Marine x7  
  62  8:03  SCV, Medivac, Siege Tank, Marine  
  77  8:19  Marine x7  
  77  8:21  Marine  
  85  8:37  Marine x2  
  85  8:41  Marine x6  
  93  8:55  Marine  
  94  9:04  Supply Depot  
  94  9:08  Supply Depot  
  94  9:26  Siege Tank, Marine x5  
  94  9:30  Medivac x2, Marine x3  
  109  9:43  Marine  
  110  10:31  Marine x5  
  110  10:32  Marine x3  
  56  10:49  Marine x8  
  64  11:07  Marine x8  
  61  11:24  Marine  
  61  11:25  Marine x7  
Tags
 
Add a new tag
Caveats
  • Supply blocks, unpowered buildings, or Contaminate may cause inaccurate times.
  • Supply counts are checked every 10 seconds.